 Dungeon Crawl Stone Soup version 0.27.1-34-g3ba077fa99 (webtiles) character file.

Game seed: 3559748483791891326

730 Tirrikindir the Slasher (level 7, -7/48 HPs)
             Began as an Octopode Fighter on Jan 26, 2022.
             Was an Initiate of Gozag.
             Mangled by an ogre (23 damage)
             ... on level 5 of the Dungeon.
             The game lasted 00:13:56 (5573 turns).

Tirrikindir the Slasher (Octopode Fighter)          Turns: 5573, Time: 00:13:57

Health: -7/48      AC:  1    Str: 16    XL:     7   Next: 73%
Magic:  0/7        EV: 13    Int: 11    God:    Gozag
Gold:   220        SH: 10    Dex: 18    Spells: 6/6 levels left

rFire    . . .     SeeInvis .   a - +0 long sword
rCold    . . .     Faith    .   b - +1 kite shield
rNeg     . . .     Spirit   +   (helmet restricted)
rPois    .         Reflect  .   d - amulet of guardian spirit
rElec    .         Harm     .   o - +6 ring of dexterity
rCorr    .         Rampage  .   (no ring)
Will     .....     Clarity  +   (no ring)
Stlth    ++++......             (no ring)
HPRegen  0.16/turn              (no ring)
MPRegen  0.10/turn              (no ring)
                                (no ring)
                                (no ring)

@: no status effects
A: almost no armour, amphibious, 8 rings, camouflage 1, gelatinous body 1,
(nimble swimmer 1), tentacles, clarity
a: Renounce Religion, Potion Petition, Call Merchant, Bribe Branch


You were on level 5 of the Dungeon.
You worshipped Gozag.
Gozag was aware of your devotion.
You visited 2 branches of the dungeon, and saw 6 of its levels.

You collected 739 gold pieces.
You spent 519 gold pieces at shops.

Inventory:

Hand Weapons
 a - a +0 long sword (weapon)
 k - a +1 rapier of flaming
Missiles
 p - 10 boomerangs (quivered)
 q - a throwing net
Armour
 b - a +1 kite shield (worn)
Jewellery
 d - an amulet of guardian spirit (around mantle)
 o - a +6 ring of dexterity (left tentacle)
 r - an amulet of magic regeneration
Scrolls
 c - a scroll of enchant weapon {unknown}
 g - a scroll of magic mapping
 h - a scroll of torment
 i - a scroll of fear
 j - a scroll of summoning
 l - 3 scrolls of teleportation
 n - a scroll of fog
Potions
 e - 2 potions of curing
 f - a potion of flight
 s - a potion of lignification {unknown}
 t - a potion of invisibility


   Skills:
 - Level 4.0 Fighting
 * Level 5.7 Long Blades
 - Level 0.1 Throwing
 - Level 4.0 Dodging
 + Level 5.3 Stealth
 - Level 4.0 Shields


You had 6 spell levels left.
You didn't know any spells.
Your spell library was empty.

Dungeon Overview and Level Annotations

Branches:
Dungeon (5/15)             Temple (1/1) D:4

Altars:
Ashenzari
Cheibriados
Dithmenos
Elyvilon
Fedhas
Gozag
Hepliaklqana
Nemelex Xobeh
Okawaru
Ru
Uskayaw
Vehumet
Wu Jian
Xom
Zin
The Shining One

Shops:
D:2 ?!!*:

Annotations:
D:4 3 runed translucent doors, lordive's ghost, amateur GrCj
D:5 1 transporter


Innate Abilities, Weirdness & Mutations

You cannot wear most types of armour.
You are amphibious.
You can wear up to eight rings at the same time.
Your skin changes colour to match your surroundings (Stealth+).
Your rubbery body absorbs attacks. (AC +1, EV +1)
((You are camouflaged near water. (Stealth+)))
You have tentacles for arms and can constrict up to eight enemies at once.
You possess an exceptional clarity of mind.


Message History

You barely miss the ogre. You squeeze the ogre.
The ogre is lightly wounded.
The ogre closely misses you.
You hit the ogre but do no damage. Your squeeze misses the ogre.
The ogre is lightly wounded.
You block the ogre's attack.
You barely miss the ogre. You squeeze the ogre, but do no damage.
The ogre is lightly wounded.
The ogre misses you.
You barely miss the ogre.
The ogre is lightly wounded.
The ogre barely misses you.
You riposte.
You slash the ogre!
The ogre is heavily wounded.
You hit the ogre.
The ogre is heavily wounded.
You block the ogre's attack.
Your shield prevents you from hitting the ogre.
You squeeze the ogre.
The ogre is heavily wounded.
The ogre barely misses you.
You barely miss the ogre. You squeeze the ogre.
The ogre is severely wounded.
You block the ogre's attack.
You hit the ogre.
The ogre is almost dead.
You block the ogre's attack.
You hit the ogre.
The ogre is almost dead.
The ogre hits you with a +0 giant club!!
Ouch! That really hurt!
* * * LOW HITPOINT WARNING * * *
You hear a shout!
You feel much better.
You hear an angry hiss.
The ogre hits you with a +0 giant club!
You closely miss the ogre.
The ogre is almost dead.
The ogre hits you with a +0 giant club!!
You die...
Your body crumbles into a pile of gold.

.........(......#....
.......#........#.###
.......#............#
......##........#.#.
......
#........#.####
......
######....(...> ....
#......###
#######......#
#oO@........##
#.########### #..#
#.##.# #....#
###.....# ###......o
.Z{.... ...o...


You could see an orc warrior and an ogre.

Vanquished Creatures
  A black bear (D:4)
  An ogre (D:4)
  A centaur (D:4)
  A scorpion (D:5)
  A hound (D:4)
  An orc priest (D:3)
  Natasha (thrice) (D:4)
  12 gnolls
  7 adders
  2 worms (D:2)
  2 dart slugs (D:1)
  11 orcs
  11 endoplasms
  5 giant cockroaches
  9 goblins
  7 hobgoblins
  2 jackals (D:4)
  3 quokkas
  11 ball pythons
  7 bats
  2 frilled lizards
  3 kobolds
  6 rats
109 creatures vanquished.

Notes
Turn   | Place    | Note
-------+----------+-------------------------------------------
     0 | D:1      | Tirrikindir the Octopode Fighter began the quest for the
                  | Orb.
     0 | D:1      | Reached XP level 1. HP: 16/16 MP: 1/1
   254 | D:1      | Reached XP level 2. HP: 19/21 MP: 2/2
   771 | D:1      | Reached XP level 3. HP: 22/26 MP: 3/3
  1022 | D:1      | Found a faded altar of an unknown god.
  1087 | D:1      | Became a worshipper of Gozag Ym Sagoz the Greedy
  1486 | D:2      | Found Faonagei's General Store.
  1509 | D:2      | Found Qucal's Distillery.
  1514 | D:2      | Reached skill level 1 in Stealth
  1566 | D:2      | Bought a potion of degeneration for 14 gold pieces
  1670 | D:2      | Found Nisob's Distillery.
  1695 | D:2      | Reached XP level 4. HP: 11/31 MP: 4/4
  2004 | D:2      | Found Cob Asu's Book Emporium.
  2389 | D:2      | Found a hide-covered altar of Uskayaw.
  2415 | D:2      | Found Otun's Magic Scroll Shop.
  2580 | D:2      | Bought 2 potions of curing for 72 gold pieces
  2580 | D:2      | Bought a potion of mutation for 96 gold pieces
  2580 | D:2      | Bought a potion of heal wounds for 60 gold pieces
  2581 | D:2      | Gained mutation: You possess an exceptional clarity of
                  | mind. [potion of mutation]
  2612 | D:2      | Bought a scroll of teleportation for 33 gold pieces
  2612 | D:2      | Bought a scroll of fog for 22 gold pieces
  2837 | D:3      | Found a sparkling altar of Nemelex Xobeh.
  2911 | D:3      | Reached XP level 5. HP: 36/36 MP: 5/5
  3271 | D:2      | Bought a scroll of enchant armour for 82 gold pieces
  3271 | D:2      | Bought a scroll of identify for 22 gold pieces
  3271 | D:2      | Bought a scroll of identify for 22 gold pieces
  3472 | D:4      | Noticed an ogre
  3480 | D:4      | Killed an ogre
  3481 | D:4      | Reached XP level 6. HP: 18/43 MP: 2/6
  4049 | D:4      | Noticed Natasha
  4051 | D:4      | Noticed a black bear
  4056 | D:4      | Killed a black bear
  4063 | D:4      | Killed Natasha
  4183 | D:4      | Reached skill level 5 in Long Blades
  4183 | D:4      | Reached XP level 7. HP: 47/48 MP: 5/7
  4265 | D:4      | Noticed Natasha
  4271 | D:4      | Killed Natasha
  4317 | D:4      | Found a staircase to the Ecumenical Temple.
  4488 | Temple   | Entered the Ecumenical Temple
  4797 | D:4      | Noticed Natasha
  4802 | D:4      | Killed Natasha
  4803 | D:4      | Reached skill level 5 in Stealth
  4888 | D:4      | Found a runed translucent gate.
  4889 | D:4      | Found a runed translucent gate.
  4889 | D:4      | Found a runed translucent gate.
  4889 | D:4      | Found an opulent altar of Gozag.
  4890 | D:4      | Noticed lordive's ghost (amateur GrCj)
  5213 | D:2      | Bought a potion of invisibility for 96 gold pieces
  5301 | D:5      | Entered Level 5 of the Dungeon
  5301 | D:5      | Found a transporter.
  5573 | D:5      | Mangled by an ogre

Illustrated notes

Levels and vault maps discovered:
D:1:      dpeg_arrival_boxorama, layout_loops_ring,
          chequers_ecumenical_altar_twisty
D:2:      cheibrodos_old_hovel, layout_basic, serial_shops, shop_fountains,
          shop, shop_coins, shop, shop, basic_altar
D:3:      layout_loops_cross, nemelex_xobeh_ov_fountains_minmay
D:4:      layout_loops_ring, minmay_temple_entry_nine_rooms,
          ebering_ghost_gozag, uniq_natasha
D:5:      layout_rooms, gammafunk_ghost_gnarly_gnolls
Temple:   regret_index_temple_waves

Skill      XL: |  1  2  3  4  5  6  7 |
---------------+----------------------+-----
Stealth        | 1 2 3 4 5 |  5.3
Long Blades    | 3 4 5 |  5.7
Fighting       | 4 |  4.0
Shields        | 4 |  4.0
Dodging        | 4 |  4.0
Throwing       | |  0.1

Action                   |  1- 3 |  4- 6 |  7- 9 || total
-------------------------+-------+-------+-------++-------
Melee: Long sword        |    63 |    85 |    60 ||   208
       Constrict         |    15 |    31 |    19 ||    65
       Tentacles         |    10 |    22 |    20 ||    52
Throw: Boomerang         |       |     1 |     7 ||     8
  Use: Scroll            |     1 |     5 |     1 ||     7
       Potion            |     2 |     3 |     1 ||     6
 Stab: Sleeping          |     7 |     9 |     6 ||    22
       Distracted        |       |     2 |       ||     2
Armor: Skin              |     4 |     2 |     1 ||     7
Dodge: Dodged            |    31 |    21 |    21 ||    73
Block: Kite shield       |    28 |    41 |    24 ||    93
       Rpst.: Long sword |     7 |     8 |     7 ||    22
